 Dungeon Crawl Stone Soup version 0.30-a0-996-ga6910c8ee8 (webtiles) character file.

Game seed: 10430706583678806642

1641 Twinkles the Trooper (level 9, 0/67 HPs)
             Began as a Djinni Fire Elementalist on Apr 4, 2023.
             Was an Initiate of Ashenzari.
             Slain by an orc warrior
             ... wielding a +0 battleaxe
              (14 damage)
             ... on level 6 of the Dungeon.
             The game lasted 00:23:09 (4881 turns).

Twinkles the Trooper (Djinni Fire Elementalist)     Turns: 4881, Time: 00:23:09

Health: 0/67       AC:  4    Str:  7    XL:     9   Next: 18%
Gold:   225        EV: 13    Int: 20    God:    Ashenzari [......] SH:  5 Dex: 15

rFire   + + +      SeeInvis .    r - +7 flail of Amortisation {drain, *Slow rElec rPois rF+}
rCold   x . .      Faith    .    y - +0 buckler
rNeg    . . .      Spirit   .    a - +0 robe
rPois   ∞          Reflect  .    u - +0 helmet
rElec   +          Rampage  .    (no cloak)
rCorr   .                        g - +0 pair of gloves
Will    .....                    (boots unavailable)
Stlth   ++                       h - amulet of regeneration
HPRegen 1.11/turn                (no ring)
MPRegen 0.00/turn                (no ring)

@: flying
A: sickness immunity, fire resistance 2, cold vulnerability 1, float, innate
caster, HP casting, extra vitality 1
a: Renounce Religion


You were on level 6 of the Dungeon.
You worshipped Ashenzari.
Ashenzari was noncommittal.
You visited 2 branches of the dungeon, and saw 8 of its levels.

You collected 225 gold pieces.

Inventory:

Hand Weapons
 j - a +0 spear
 l - a +2 dagger of speed
 r - the +7 flail of Amortisation (weapon) {drain, *Slow rElec rPois rF+}
   (You found it on level 3 of the Dungeon)

   rF:        It protects you from fire.
   rElec:     It insulates you from electricity.
   rPois:     It protects you from poison.
   *Slow:     It may slow you when you take damage.
 D - a +2 dagger of electrocution
Missiles
 e - 11 poisoned darts
 n - 3 curare-tipped darts
Armour
 a - a +0 robe (worn)
 g - a +0 pair of gloves (worn)
 u - a +0 helmet (worn)
 y - a +0 buckler (worn)
Jewellery
 h - an amulet of regeneration (around neck)
 t - an amulet of faith
Wands
 A - a wand of roots (6)
Scrolls
 b - 5 scrolls of identify {unknown}
 k - a scroll of amnesia {unknown}
 m - a scroll of vulnerability {unknown}
 o - 2 scrolls of poison {unknown}
 v - 2 scrolls of teleportation {unknown}
 w - a scroll of fear {unknown}
 x - a scroll of brand weapon {unknown}
 B - 2 scrolls of enchant weapon {unknown}
 C - a scroll of magic mapping {unknown}
Potions
 c - 5 potions of heal wounds {unknown}
 d - 3 potions of mutation {unknown}
 f - 3 potions of brilliance {unknown}
 i - a potion of degeneration {unknown}
 p - a potion of lignification {unknown}
 q - 3 potions of might {unknown}
 s - a potion of magic {unknown}
 z - a potion of berserk rage {unknown}


   Skills:
 * Level 6.8 Fighting
 - Level 4.4 Dodging
 - Level 1.7 Stealth
 + Level 3.1 Shields
 * Level 5.8 Spellcasting


You knew the following spells:

 Your Spells              Type           Power      Damage    Failure   Level
a - Foxfire               Conj/Fire      100%       2x1d9     1%          1
b - Scorch                Fire           58%        2d8       1%          2
c - Kindle Blastsparks    Fire/Tloc/Air  58%        2d14      3%          3
d - Inner Flame           Hex/Fire       29%        N/A       3%          3
e - Flame Wave            Conj/Fire      29%        2d9       13%         4
f - Necrotise             Necr           100%       1d9       1%          1
g - Static Discharge      Conj/Air       58%        2-5/arc   1%          2
h - Wereblood             Tmut           29%        N/A       1%          2
i - Tukima's Dance        Hex            29%        N/A       3%          3
Your spell library was empty.

Dungeon Overview and Level Annotations

Branches:
Dungeon (7/15) Zot: 26722  Temple (1/1) D:7 Zot: 5941

Altars:
Ashenzari
Cheibriados
Elyvilon
Fedhas
Gozag
Hepliaklqana
Makhleb
Qazlal
Trog
Uskayaw
Wu Jian
Xom
Yredelemnul
Zin
The Shining One

Annotations:
D:2 1 runed translucent door, Crazy Yiuf
D:5 exclusion: 2 yaks
D:6 exclusion: 2 doors
D:7 Joseph


Innate Abilities, Weirdness & Mutations

You are immune to sickness and miasma.
You are immune to poison.
Your flesh is very heat resistant. (rF++)
You are vulnerable to cold. (rC-)
You float through the air rather than walking.
You learn spells naturally, not from books.
Your magical power is your life essence.
You have superior vitality. (+4 MHP)


Message History

Confirm with . or Enter, or press ? or * to list all spells.
Okay, then.
Casting: Scorch (safe; 1% risk of failure)
Confirm with . or Enter, or press ? or * to list all spells.
Okay, then.
Casting: Scorch (safe; 1% risk of failure)
Confirm with . or Enter, or press ? or * to list all spells.
A cloud of volatile blastsparks flares up around you!
The orc warrior misses you.
Casting: Kindle Blastsparks (dangerous; 3% risk of failure)
Confirm with . or Enter, or press ? or * to list all spells.
Okay, then.
Unknown command.
Casting: Kindle Blastsparks (dangerous; 3% risk of failure)
Confirm with . or Enter, or press ? or * to list all spells.
Flames lash the orc warrior but do no damage.
The orc warrior hits you with a +0 battleaxe!
* * * LOW HITPOINT WARNING * * *
The cloud of blastsparks explodes!
The concussive blast engulfs the orc warrior!
The orc warrior is heavily wounded.
The concussive blast engulfs you. You resist.
* * * LOW HITPOINT WARNING * * *
You are knocked back by the blast.
Casting: Scorch (safe; 1% risk of failure)
Confirm with . or Enter, or press ? or * to list all spells.
Flames lash the orc warrior but do no damage.
* * * LOW HITPOINT WARNING * * *
Casting: Scorch (safe; 1% risk of failure)
Confirm with . or Enter, or press ? or * to list all spells.
Okay, then.
Unknown command.
Casting: Scorch (safe; 1% risk of failure)
Confirm with . or Enter, or press ? or * to list all spells.
Flames lash the orc warrior.
The orc warrior is severely wounded.
The orc warrior's fire resistance burns away.
* * * LOW HITPOINT WARNING * * *
The orc warrior hits you with a +0 battleaxe!
You die...

##############.####..# #.
#..†..............#..####.
#.########.....##.#.....#.
#.##.....#.######.#.###.#.
#.##.###.#.# #.#.##....
#.##.# #.#.######.#.##....
#.##.###.#........#.##....
#.....##..................
#.....###@........#.#.....
#.....# #o#.......#.......
##....# #.#.....#.###.....
#....###.#.....#.# #.....
#....#.........#.###.....
######..>................
#...#.....#.###.....
#...#.....#.####....
#...#.....#....+....


You could see an orc warrior (combustible).

Vanquished Creatures
  Pikel (D:6)
  A water moccasin (D:6)
  A black bear (D:6)
  A phantom (D:7)
  A lemure (D:6)
  2 bullfrogs
  A scorpion (D:4)
  2 howler monkeys
  2 hounds (D:5)
  A jelly (D:5)
  7 iguanas
  4 orc wizards
  4 gnolls (D:3)
  8 adders
  2 shadow imps
  2 ufetubi
  A worm (D:3)
  4 dart slugs
  17 orcs
  8 ball pythons
  4 endoplasms
  7 giant cockroaches
  9 goblins
  4 hobgoblins
  8 jackals (D:1)
  6 kobolds
  2 quokkas (D:1)
  5 bats
  5 frilled lizards
  3 rats
123 creatures vanquished.

Vanquished Creatures (others)
  286 foxfires
286 creatures vanquished.

Grand Total: 409 creatures vanquished

Notes
Turn   | Place    | Note
-------+----------+-------------------------------------------
     0 | D:1      | Twinkles the Djinni Fire Elementalist began the quest for
                  | the Orb.
     0 | D:1      | Twinkles set off with the following spells memorised:
                  | Foxfire, Scorch, Kindle Blastsparks, Inner Flame, Flame
                  | Wave.
     0 | D:1      | Reached XP level 1. HP: 15/15 MP: 0/0
    72 | D:1      | Reached XP level 2. HP: 20/21 MP: 0/0
   235 | D:1      | Reached skill level 1 in Fighting
   235 | D:1      | Reached XP level 3. HP: 19/27 MP: 0/0
   235 | D:1      | Learned a level 1 spell: Necrotise
   737 | D:2      | Reached XP level 4. HP: 29/33 MP: 0/0
   974 | D:2      | Reached skill level 2 in Fighting
  1045 | D:2      | Found a faded altar of an unknown god.
  1062 | D:2      | Reached XP level 5. HP: 34/38 MP: 0/0
  1062 | D:2      | Learned a level 2 spell: Static Discharge
  1363 | D:2      | Found a runed translucent door.
  1364 | D:2      | Noticed Crazy Yiuf
  1802 | D:3      | Identified the +7 flail of Amortisation {drain, *Slow rElec
                  | rPois rF+}
  2182 | D:4      | Reached skill level 3 in Fighting
  2182 | D:4      | Reached XP level 6. HP: 45/46 MP: 0/0
  2566 | D:4      | You are sucked into a shaft and drop 1 floor!
  2566 | D:5      | Entered Level 5 of the Dungeon
  2823 | D:5      | Reached XP level 7. HP: 43/51 MP: 0/0
  2823 | D:5      | Learned a level 2 spell: Wereblood
  2871 | D:5      | Reached skill level 4 in Fighting
  3165 | D:5      | Found a white marble altar of Elyvilon.
  3540 | D:5      | Noticed a yak
  3631 | D:5      | Noticed a yak
  3908 | D:6      | Reached skill level 5 in Fighting
  3908 | D:6      | Reached XP level 8. HP: 41/59 MP: 0/0
  3946 | D:6      | Found a large runed translucent door.
  3947 | D:6      | Found a large runed translucent door.
  3963 | D:6      | Reached skill level 1 in Shields
  4184 | D:6      | Reached skill level 5 in Spellcasting
  4549 | D:7      | Found a staircase to the Ecumenical Temple.
  4555 | D:7      | Noticed Pikel
  4584 | D:6      | Killed Pikel
  4585 | D:6      | Reached skill level 6 in Fighting
  4585 | D:6      | Reached XP level 9. HP: 42/67 MP: 0/0
  4585 | D:6      | Learned a level 3 spell: Tukima's Dance
  4663 | Temple   | Entered the Ecumenical Temple
  4663 | Temple   | Found a transporter.
  4663 | Temple   | Found a transporter.
  4665 | Temple   | Found a transporter.
  4665 | Temple   | Found a transporter.
  4707 | Temple   | Became a worshipper of Ashenzari the Shackled
  4850 | D:7      | Noticed Joseph
  4878 | D:6      | HP: 17/67 [orc warrior/+0 battleaxe (13)]
  4881 | D:6      | Slain by an orc warrior

Illustrated notes

Levels and vault maps discovered:
D:1:      dpeg_arrival_castle, layout_rooms
D:2:      layout_loops_ring, nicolae_ecumenical_snake_handling,
          minmay_worlds_worst_comb, uniq_crazy_yiuf_cottage
D:3:      layout_basic
D:4:      layout_basic, minmay_strange_pillars
D:5:      layout_basic, mainiacjoe_overflow_brackets
D:6:      layout_basic, jmf_multi_god_temple2
D:7:      layout_cave_pools, gammafunk_temple_overflow_statue, temple_fountains,
          kennysheep_generic_room_3, uniq_joseph, uniq_pikel
Temple:   hellmonk_temple_divided_pantheon

Skill      XL: |  1  2  3  4  5  6  7  8  9 |
---------------+----------------------------+-----
Fighting       | 1 2 3 5 6 |  6.8
Spellcasting   | 3 4 5 |  5.8
Dodging        | 3 4 |  4.4
Shields        | 2 3 |  3.1
Stealth        | |  1.7

Action                     |  1- 3 |  4- 6 |  7- 9 || total
---------------------------+-------+-------+-------++-------
  Melee: Unarmed           |     5 |     6 |       ||    11
         Dagger            |       |     2 |       ||     2
         Flail             |       |     5 |    13 ||    18
   Cast: Foxfire           |    47 |    63 |    58 ||   168
         Scorch            |     1 |    31 |    29 ||    61
         Kindle Blastspark |       |       |     7 ||     7
 Armour: Robe              |     1 |     5 |     5 ||    11
  Dodge: Dodged            |     9 |    24 |    33 ||    66
  Block: Buckler           |       |       |     5 ||     5

Table legend: (Time is in decaauts)
 A = Elapsed time spent in this place.
 B = Non-inter-level travel time spent in this place.
 C = Inter-level travel time spent in this place.
 D = Time resting spent in this place.
 E = Time spent auto-exploring this place.
 F = Levels seen in this place.
 G = Mean time per level.
                   A        B        C        D        E       F      G
               +--------+--------+--------+--------+--------+-----+--------+
         Total |   4887 |   4628 |    259 |    134 |   3497 |   8 |  610.9 |
       Dungeon |   4828 |   4612 |    216 |    134 |   3495 |   7 |  689.7 |
        Temple |     58 |     15 |     43 |      0 |      2 |   1 |   58.0 |
               +--------+--------+--------+--------+--------+-----+--------+

Top non-repeatable levels by time:
     D:5: 1088 daAuts
     D:2: 858 daAuts
     D:6: 836 daAuts
     D:1: 693 daAuts
     D:3: 620 daAuts
     D:4: 559 daAuts
     D:7: 172 daAuts
  Temple: 58 daAuts
